 Dungeon Crawl Stone Soup version 0.27-a0-650-g8dd3ea4f36 (webtiles) character file.

Game seed: 9727412406898651878

22 tsouns the Sneak (level 2, -3/27 HPs)
             Began as a Hill Orc Delver on Mar 16, 2021.
             Slain by a worker ant (4 damage)
             ... on level 3 of the Dungeon.
             The game lasted 00:00:56 (52 turns).

tsouns the Sneak (Hill Orc Delver)                    Turns: 52, Time: 00:00:57

Health: -3/27      AC:  3    Str: 14    XL:     2   Next: 91%
Magic:  2/2        EV: 11    Int: 10    God:
Gold:   7          SH:  0    Dex: 12    Spells: 1/1 levels left

rFire    . . .     SeeInvis .   a - +0 hand axe
rCold    . . .     Faith    .   (no shield)
rNeg     . . .     Spirit   .   b - +0 leather armour
rPois    .         Reflect  .   (no helmet)
rElec    .         Harm     .   (no cloak)
rCorr    .         Rampage  .   (no gloves)
Will     .....                  (no boots)
Stlth    ++........             (no amulet)
HPRegen  0.09/turn              (no ring)
MPRegen  0.08/turn              (no ring)

@: no status effects
A: no striking features
a: no special abilities


You were on level 3 of the Dungeon.
You visited 1 branch of the dungeon, and saw 3 of its levels.

You collected 7 gold pieces.

Inventory:

Hand Weapons
 a - a +0 hand axe (weapon)
Missiles
 d - 6 datura-tipped darts (quivered)
Armour
 b - a +0 leather armour (worn)
Wands
 g - a wand of digging (3)
Scrolls
 c - a scroll of fog
 e - a scroll of fear
Potions
 f - a potion of haste


   Skills:
 + Level 4.1 Fighting
 * Level 4.0 Axes
 - Level 1.5 Dodging
 - Level 4.1 Stealth


You had one spell level left.
You didn't know any spells.
Your spell library was empty.

Dungeon Overview and Level Annotations

Branches:
Dungeon (5/15)
 Temple: D:4-7

Altars:

Shops:
D:5 :


Message History

The bullfrog zombie barely misses you.
The worker ant bites the bullfrog zombie.
You closely miss the bullfrog zombie.
The bullfrog zombie is moderately damaged.
The worker ant barely misses the bullfrog zombie.
The bullfrog zombie hits you.
The worker ant bites the bullfrog zombie.
You hit the bullfrog zombie.
The bullfrog zombie is heavily damaged.
The worker ant closely misses the bullfrog zombie.
The bullfrog zombie hits you.
The worker ant bites the bullfrog zombie!
The bullfrog zombie hits you.
You hit the bullfrog zombie.
You destroy the bullfrog zombie!
The worker ant barely misses you.
Your Fighting skill increases to level 4!
Your Axes skill gained 2 levels and is now at level 4!
You have reached level 2!
The worker ant barely misses you. x2
Found 2 sapphire potions.
The worker ant bites you.
The worker ant bites you but does no damage.
The worker ant bites you.
* * * LOW HITPOINT WARNING * * *
Found a dagger.
The worker ant closely misses you.
There is a stone staircase leading up here.
The worker ant bites you.
* * * LOW HITPOINT WARNING * * *
The worker ant completely misses you.
You climb upwards.
The orc shouts!
An adder and an orc come into view.
The adder hisses angrily.
Found a club.
There is a stone staircase leading down here.
The worker ant barely misses you. The worker ant bites you.
You die...

≈≈≈≈
≈≈≈######
#.........
#...S.....
##.........
..........
#......o..
#@........
#.B).o....
##>.......
#.#######
#+#


You could see an adder, 2 orcs and a neutral worker ant (fast, strong, insane).

Vanquished Creatures
  A bullfrog zombie (D:4)
  A giant cockroach (D:4)
2 creatures vanquished.

Notes
Turn   | Place    | Note
-------+----------+-------------------------------------------
     0 | D:5      | tsouns the Hill Orc Delver began the quest for the Orb.
     0 | D:5      | Reached XP level 1. HP: 19/19 MP: 1/1
     6 | D:5      | Found Wujunoyd's Book Boutique.
    24 | D:5      | Noticed an ogre
    34 | D:4      | Noticed a worker ant
    44 | D:4      | Reached XP level 2. HP: 15/27 MP: 2/2
    49 | D:4      | HP: 1/27 [worker ant (6)]
    52 | D:3      | Slain by a worker ant

Illustrated notes

Levels and vault maps discovered:
D:3:      kennysheep_goblin_castle, layout_basic
D:4:      layout_gridville, lemuel_coloured_pillars_altar, minmay_small_thing,
          uniq_duvessa, uniq_menkaure, uniq_edmund
D:5:      layout_rooms, serial_shops, nicolae_shop_stone

Skill      XL: |  1 |
---------------+----+-----
Fighting       | 4 |  4.1
Axes           | 4 |  4.0
Dodging        | |  1.5
Stealth        | |  4.1

Action                   || total
-------------------------++-------
Melee: Hand axe          ||     5
Throw: Dart              ||     1
  Use: Scroll            ||     1
Armor: Leather armour    ||     1
Dodge: Dodged            ||    10

Table legend: (Time is in decaauts)
 A = Elapsed time spent in this place.
 B = Non-inter-level travel time spent in this place.
 C = Inter-level travel time spent in this place.
 D = Time resting spent in this place.
 E = Time spent auto-exploring this place.
 F = Levels seen in this place.
 G = Mean time per level.
                   A        B        C        D        E       F      G
               +--------+--------+--------+--------+--------+-----+--------+
         Total |     52 |     52 |      0 |      0 |      0 |   3 |   17.3 |
       Dungeon |     52 |     52 |      0 |      0 |      0 |   3 |   17.3 |
               +--------+--------+--------+--------+--------+-----+--------+

Top non-repeatable levels by time:
     D:5: 34 daAuts
     D:4: 16 daAuts
     D:3: 1 daAuts
